2167 views
Uploaded 2024-12-23 06:42:56
Game version 1.00 (6115)
26:16 long 1on1 ladder game on (2)ConcealedHill_S2
Saved by xzz
2167 views
Uploaded 2024-12-23 06:42:56
Game version 1.00 (6115)
26:16 long 1on1 ladder game on (2)ConcealedHill_S2

23 units @ 3.1k
/ 0.6k
35 buildings @ 5k
/ 2.8k

| Lesser Clarity Potion | 8 | 560 |
| Healing Salve | 6 | 600 |
| Scroll of Speed | 2 | 100 |
| Orb of Lightning | 1 | 375 |
| Boots of Speed | 1 | 250 |
| Circlet of Nobility | 1 | 175 |
| Staff of Teleportation | 1 | 150 |
| total: | 20 | 2210g |
| Peon | 9 | 675 | / | 0 |
| Troll Batrider | 13 | 2080 | / | 520 |
| Goblin Shredder | 1 | 375 | / | 100 |
| total: | 23 | 3130g | / | 620w |
| Watch Tower | 21 | 2310 | / | 1680 |
| Altar of Storms | 1 | 180 | / | 50 |
| Orc Burrow | 4 | 640 | / | 160 |
| War Mill | 1 | 205 | / | 0 |
| Voodoo Lounge | 1 | 130 | / | 30 |
| Barracks | 2 | 360 | / | 100 |
| Great Hall | 2 | 770 | / | 370 |
| Beastiary | 3 | 435 | / | 420 |
| Stronghold | 2 | 630 | / | 380 |
| Fortress | 1 | 325 | / | 190 |
| total: | 35 | 5030g | / | 2810w |
| 0:05 | Peon |
| 0:05 | Peon |
| 0:09 | Altar of Storms |
| 0:13 | Orc Burrow |
| 0:37 | Peon |
| 0:54 | War Mill |
| 1:05 | Peon |
| 1:25 | Voodoo Lounge |
| 1:28 | Peon |
| 1:43 | Peon |
| 1:55 | Orc Burrow |
| 2:11 | Watch Tower |
| 2:15 | Wind Walk |
| 2:27 | Lesser Clarity Potion |
| 2:27 | Healing Salve |
| 2:28 | Scroll of Speed |
| 2:34 | Peon |
| 2:52 | Peon |
| 2:53 | Peon |
| 3:54 | Critical Strike |
| 3:59 | Stronghold |
| 4:02 | Watch Tower |
| 4:41 | Watch Tower |
| 4:43 | Spiked Barricades |
| 4:58 | Boots of Speed |
| 4:58 | Circlet of Nobility |
| 5:00 | Staff of Teleportation |
| 5:32 | Watch Tower |
| 5:47 | Orc Burrow |
| 5:57 | Lesser Clarity Potion |
| 5:59 | Lesser Clarity Potion |
| 6:06 | Healing Salve |
| 6:24 | Beastiary |
| 6:28 | Beastiary |
| 6:50 | Fortress |
| 7:30 | Troll Batrider |
| 7:38 | Reinforced Defenses |
| 7:39 | Troll Batrider |
| 7:45 | Lesser Clarity Potion |
| 7:58 | Troll Batrider |
| 8:13 | Troll Batrider |
| 8:28 | Wind Walk |
| 8:47 | Troll Batrider |
| 9:33 | Liquid Fire |
| 9:36 | Orc Burrow |
| 9:41 | Troll Batrider |
| 9:52 | Healing Salve |
| 9:54 | Lesser Clarity Potion |
| 10:07 | Steel Armor |
| 10:24 | Troll Batrider |
| 10:42 | Troll Batrider |
| 12:02 | Steel Ranged Weapons |
| 12:02 | Thorium Armor |
| 12:42 | Troll Batrider |
| 13:12 | Barracks |
| 13:25 | Orb of Lightning |
| 13:25 | Lesser Clarity Potion |
| 13:27 | Scroll of Speed |
| 13:37 | Troll Batrider |
| 14:20 | Critical Strike |
| 14:39 | Barracks |
| 14:52 | Healing Salve |
| 14:59 | Healing Salve |
| 15:29 | Goblin Shredder |
| 16:11 | Great Hall |
| 16:14 | Watch Tower |
| 16:15 | Watch Tower |
| 16:16 | Watch Tower |
| 16:17 | Watch Tower |
| 16:17 | Watch Tower |
| 16:18 | Watch Tower |
| 16:24 | Healing Salve |
| 16:46 | Thorium Ranged Weapons |
| 16:49 | Improved Spiked Barricades |
| 17:15 | Troll Regeneration |
| 17:20 | Arcanite Armor |
| 17:41 | Great Hall |
| 17:47 | Watch Tower |
| 17:48 | Watch Tower |
| 17:49 | Watch Tower |
| 17:50 | Watch Tower |
| 17:52 | Watch Tower |
| 17:53 | Watch Tower |
| 17:56 | Watch Tower |
| 18:39 | Arcanite Ranged Weapons |
| 19:39 | Wind Walk |
| 19:44 | Troll Batrider |
| 19:51 | Beastiary |
| 20:06 | Watch Tower |
| 20:06 | Watch Tower |
| 20:07 | Watch Tower |
| 20:11 | Watch Tower |
| 21:23 | Troll Batrider |
| 21:58 | Lesser Clarity Potion |
| 23:28 | Lesser Clarity Potion |
| 24:37 | Troll Batrider |
| 25:21 | Stronghold |
| Right click | 844 |
| Select | 355 |
| Chat | 126 |
| Build/train/purchase | 112 |
| Select group | 73 |
| Use ability | 27 |
| Assign group | 18 |
| Item give/drop | 7 |
| Misc. action | 5 |
| Esc | 1 |
29 units @ 3.6k
/ 0.3k
22 buildings @ 2.5k
/ 0.9k

| Lesser Clarity Potion | 1 | 70 |
| Scroll of Regeneration | 1 | 100 |
| total: | 2 | 170g |
| Peasant | 17 | 1275 | / | 0 |
| Footman | 2 | 270 | / | 0 |
| Rifleman | 10 | 2050 | / | 300 |
| total: | 29 | 3595g | / | 300w |
| Scout Tower | 6 | 180 | / | 120 |
| Guard Tower | 3 | 210 | / | 150 |
| Altar of Kings | 1 | 180 | / | 50 |
| Barracks | 2 | 320 | / | 120 |
| Farm | 8 | 640 | / | 160 |
| Blacksmith | 1 | 140 | / | 60 |
| Arcane Vault | 1 | 130 | / | 30 |
| Lumber Mill | 1 | 120 | / | 0 |
| Town Hall | 2 | 770 | / | 410 |
| total: | 22 | 2480g | / | 950w |
| 0:07 | Altar of Kings |
| 0:09 | Peasant |
| 0:23 | Peasant |
| 0:28 | Barracks |
| 0:33 | Peasant |
| 0:42 | Farm |
| 0:46 | Peasant |
| 0:59 | Farm |
| 1:35 | Peasant |
| 1:38 | Footman |
| 1:48 | Farm |
| 1:56 | Blacksmith |
| 2:04 | Peasant |
| 2:14 | Peasant |
| 2:20 | Peasant |
| 2:24 | Arcane Vault |
| 2:28 | Summon Water Elemental |
| 2:40 | Footman |
| 2:57 | Peasant |
| 2:58 | Peasant |
| 3:06 | Lumber Mill |
| 3:37 | Rifleman |
| 3:55 | Black Gunpowder |
| 4:09 | Scout Tower |
| 4:14 | Rifleman |
| 4:34 | Peasant |
| 4:34 | Peasant |
| 4:49 | Rifleman |
| 5:05 | Scout Tower |
| 5:13 | Peasant |
| 5:29 | Peasant |
| 5:34 | Scout Tower |
| 5:39 | Scout Tower |
| 5:50 | Farm |
| 5:52 | Farm |
| 6:07 | Studded Leather Armor |
| 6:22 | Guard Tower |
| 6:25 | Guard Tower |
| 6:46 | Improved Lumber Harvesting |
| 6:50 | Rifleman |
| 6:57 | Brilliance Aura |
| 7:04 | Lesser Clarity Potion |
| 7:11 | Rifleman |
| 7:20 | Rifleman |
| 8:09 | Town Hall |
| 8:20 | Rifleman |
| 8:29 | Scroll of Regeneration |
| 8:51 | Barracks |
| 9:49 | Town Hall |
| 9:55 | Scout Tower |
| 10:29 | Farm |
| 10:33 | Farm |
| 10:34 | Farm |
| 10:46 | Guard Tower |
| 10:50 | Scout Tower |
| 11:03 | Peasant |
| 11:03 | Peasant |
| 11:03 | Peasant |
| 11:15 | Summon Water Elemental |
| 11:34 | Rifleman |
| 11:34 | Rifleman |
| 12:14 | Rifleman |
| Right click | 387 |
| Select | 157 |
| Select group | 65 |
| Misc. action | 55 |
| Build/train/purchase | 50 |
| Assign group | 12 |
| Chat | 4 |
| Use ability | 2 |
| Esc | 1 |